 Dungeon Crawl Stone Soup version 0.31-a0-150-g89dc3ad700 (webtiles) character file.

Game seed: 8826137633279156454

650 qw the Skirmisher (level 7, -3/63 HPs)
             Began as a Minotaur Hunter on June 8, 2023.
             Was an Initiate of Okawaru.
             Slain by Edmund
             ... wielding a +1 heavy flail
              (6 damage)
             ... on level 5 of the Dungeon.
             The game lasted 00:01:34 (3942 turns).

qw the Skirmisher (Minotaur Hunter)                 Turns: 3942, Time: 00:01:34

Health: -3/63      AC:  8    Str: 15    XL:     7   Next: 28%
Magic:  6/6        EV: 11    Int:  6    God:    Okawaru [......]
Gold:   131        SH:  0    Dex: 16    Spells: 6/6 levels left

rFire   . . .        Y - +0 shortbow
rCold   . . .        (shield currently unavailable)
rNeg    . . .        d - +0 ring mail
rPois   +            (helmet restricted)
rElec   .            h - +2 cloak
rCorr   .            (no gloves)
SInv    .            (no boots)
Will    .....        g - amulet of the acrobat
Stlth   +            e - ring of poison resistance
HPRegen 0.30/turn    (no ring)
MPRegen 0.10/turn

%: acrobat
@: no status effects
A: horns 2, retaliatory headbutt
a: Renounce Religion


You were on level 5 of the Dungeon.
You worshipped Okawaru.
Okawaru was noncommittal.
You visited 2 branches of the dungeon, and saw 6 of its levels.

You collected 230 gold pieces.
You spent 99 gold pieces at shops.


Innate Abilities, Weirdness & Mutations

You have a pair of horns on your head.
You reflexively headbutt those who attack you in melee.


   Skills:
 - Level 6.2 Fighting
 - Level 8.0 Ranged Weapons
 + Level 1.5 Armour
 - Level 2.1 Dodging
 - Level 0.7 Stealth


You had 6 spell levels left.
You didn't know any spells.
Your spell library was empty.

Inventory:

Hand Weapons
 Y - a +0 shortbow (weapon)
Armour
 d - a +0 ring mail (worn)
 h - a +2 cloak (worn)
 k - a +0 leather armour of fire resistance
Jewellery
 e - a ring of poison resistance (left hand)
 g - an amulet of the acrobat (around neck)
 l - a ring of protection from cold
Scrolls
 i - a scroll of identify
Potions
 a - a potion of curing {unknown}
 b - a potion of heal wounds {unknown}
 c - 2 potions of might {unknown}
 f - a potion of haste
 j - a potion of resistance

Dungeon Overview and Level Annotations

Branches:
Dungeon (5/15)             Temple (1/1) D:5

Altars:
Ashenzari
Cheibriados
Hepliaklqana
Kikubaaqudgha
Makhleb
Nemelex Xobeh
Okawaru
Trog
Wu Jian
Xom
Yredelemnul
Zin

Shops:
D:5 *

Annotations:
D:5 Edmund


Message History

The arrow hits Edmund but does no damage.
Edmund is heavily wounded.
You shoot an arrow.
The arrow hits Edmund but does no damage.
Edmund is heavily wounded.
Edmund hits you with a +1 heavy flail.
You shoot an arrow. The arrow closely misses Edmund.
Edmund hits you with a +1 heavy flail.
You shoot an arrow.
The arrow hits Edmund but does no damage.
Edmund is heavily wounded.
You shoot an arrow. The arrow closely misses Edmund.
Edmund hits you with a +1 heavy flail.
You shoot an arrow. The arrow hits Edmund!
Edmund is heavily wounded.
Edmund misses you.
You shoot an arrow.
The arrow hits Edmund but does no damage.
Edmund is heavily wounded.
Edmund hits you with a +1 heavy flail!
You shoot an arrow.
The arrow hits Edmund but does no damage.
Edmund is heavily wounded.
You shoot an arrow. The arrow barely misses Edmund.
Edmund barely misses you. You furiously retaliate!
You headbutt Edmund! You shoot an arrow. The arrow closely misses Edmund.
Edmund hits you with a +1 heavy flail.
You shoot an arrow.
The arrow hits Edmund but does no damage.
Edmund is almost dead.
Edmund hits you with a +1 heavy flail!
You shoot an arrow. The arrow hits Edmund.
Edmund is almost dead.
You shoot an arrow.
The arrow hits Edmund but does no damage.
Edmund is almost dead.
Edmund hits you with a +1 heavy flail!
You shoot an arrow. The arrow closely misses Edmund.
Edmund hits you with a +1 heavy flail.
You die...

#.# ########### #.#
#.........#### ##.#
#.#..........#
..>######.#.########.#
#.........#.#....#)#.#
#..######.#.#..@...#.#
...#....#.#.# #@..#.#
..........#.# #...#.#
#.....#.....####...#.#
#.......#...#~~#...#.#
##.#.####...#..#b....#
#.#.# #...#..#.....#
##.#.# #...#..)...#.#
...#.# ###.#..##..#.#
##.#.# .#..#)..#.#


You could see Edmund.

Vanquished Creatures
  Sigmund (D:5)
  2 scorpions (D:5)
  A killer bee (D:4)
  A jelly (D:5)
  3 hounds
  A sleepcap (D:4)
  An iguana (D:5)
  4 adders
  A gnoll (D:1)
  A white imp (D:5)
  An ufetubus (D:5)
  3 worms
  3 dart slugs
  An orc (D:5)
  12 ball pythons
  6 bats
  7 endoplasms
  4 giant cockroaches
  5 goblins
  8 hobgoblins
  7 jackals
  5 quokkas
  5 frilled lizards
  14 kobolds
  5 rats
102 creatures vanquished.

Notes
Turn   | Place    | Note
-------+----------+-------------------------------------------
     0 | D:1      | qw the Minotaur Hunter began the quest for the Orb.
     0 | D:1      | Reached XP level 1. HP: 18/18 MP: 0/0
     0 | D:1      | 0 ||| qw: Version: 0.2-a-119-g7aa9181
     0 | D:1      | 0 ||| qw: Game counter: 2761
     0 | D:1      | 0 ||| qw: Always use a shield: true
     0 | D:1      | 0 ||| qw: God list: Okawaru
     0 | D:1      | 0 ||| qw: Allow faded altars: false
     0 | D:1      | 0 ||| qw: Do Orc after D:15 true
     0 | D:1      | 0 ||| qw: Do second Lair branch before Depths: true
     0 | D:1      | 0 ||| qw: Lair rune preference: random
     0 | D:1      | 0 ||| qw: Plans: Normal
     0 | D:1      | 0 ||| PLANNING D:1-11
   172 | D:1      | Reached XP level 2. HP: 25/25 MP: 1/1
   174 | D:1      | Reached skill level 5 in Ranged Weapons
   237 | D:1      | Reached skill level 3 in Fighting
   243 | D:1      | Reached XP level 3. HP: 25/31 MP: 2/2
   704 | D:1      | 704 ||| UPGRADING to +0 ring mail.
   714 | D:1      | 714 ||| DROPPING +0 leather armour.
   715 | D:1      | 715 ||| UPGRADING to +0 cloak.
   720 | D:1      | 720 ||| UPGRADING to amulet of the acrobat.
   725 | D:1      | 725 ||| UPGRADING to ring of poison resistance.
   726 | D:1      | 726 ||| READING 3 scrolls labelled RATEAR RA KOI.
   727 | D:1      | 727 ||| DRINKING 2 murky sapphire potions.
   728 | D:1      | 728 ||| DROPPING 2 scrolls of amnesia.
   729 | D:1      | 729 ||| DROPPING scroll of butterflies.
   749 | D:2      | Found a faded altar of an unknown god.
   787 | D:2      | Found a burning altar of Makhleb.
   831 | D:2      | Reached skill level 1 in Armour
  1341 | D:2      | Reached XP level 4. HP: 38/38 MP: 3/3
  1516 | D:2      | 1516 ||| READING scroll labelled ODEMPOZX SOOWN.
  1517 | D:2      | 1517 ||| READING scroll labelled MUUPHY ERUIS.
  1518 | D:2      | 1518 ||| READING scroll labelled IMELOUX KOLIFU.
  1519 | D:2      | 1519 ||| READING scroll labelled JUURYXK LOOMIGH.
  1520 | D:2      | 1520 ||| DRINKING 2 fizzy dark potions.
  1521 | D:2      | 1521 ||| DROPPING potion of degeneration.
  2254 | D:3      | Reached skill level 6 in Ranged Weapons
  2357 | D:3      | Found a sparkling altar of Nemelex Xobeh.
  2386 | D:3      | Found a basalt altar of Yredelemnul.
  2395 | D:3      | 2395 ||| READING scroll labelled QIKHLAKK UTOA.
  2398 | D:3      | 2398 ||| READING scroll labelled BOYXADDU LEEHY.
  2440 | D:4      | 2440 ||| READING scroll of enchant armour.
  2440 | D:4      | 2440 ||| ENCHANTING +0 cloak.
  2486 | D:4      | Reached XP level 5. HP: 34/46 MP: 4/4
  2486 | D:4      | 2486 ||| FLEEEEING.
  2487 | D:4      | 2487 ||| FLEEEEING.
  2490 | D:4      | 2490 ||| STAIRDANCE
  2529 | D:3      | 2529 ||| READING scroll labelled KASSIA CUSOATI.
  3015 | D:4      | 3015 ||| DRINKING 2 smoky silvery potions.
  3016 | D:4      | 3016 ||| DROPPING potion of brilliance.
  3038 | D:5      | Entered Level 5 of the Dungeon
  3056 | D:5      | Reached skill level 7 in Ranged Weapons
  3056 | D:5      | Reached XP level 6. HP: 36/52 MP: 5/5
  3064 | D:5      | HP: 11/52 [hound (3)]
  3239 | D:5      | 3239 ||| READING scroll of enchant armour.
  3239 | D:5      | 3239 ||| ENCHANTING +1 cloak.
  3332 | D:5      | Reached skill level 8 in Ranged Weapons
  3356 | D:5      | Found a staircase to the Ecumenical Temple.
  3357 | D:5      | 3357 ||| PLANNING TEMPLE
  3357 | D:5      | 3357 ||| DRINKING 2 metallic puce potions.
  3363 | Temple   | Entered the Ecumenical Temple
  3364 | Temple   | 3364 ||| PLANNING OKAWARU WORSHIP
  3411 | Temple   | Became a worshipper of Warmaster Okawaru
  3411 | Temple   | 3411 ||| PLANNING D:1-11
  3733 | D:5      | Found Kolath's Fire Supplies.
  3739 | D:5      | 3739 ||| BUYING +0 leather armour of fire resistance (99
                  | gold).
  3739 | D:5      | Bought a +0 leather armour of fire resistance for 99 gold
                  | pieces
  3739 | D:5      | 3739 ||| SHOPLISTING +0 pair of boots of fire resistance
                  | (126 gold, have 96).
  3739 | D:5      | 3739 ||| SHOPLISTING ring of fire (275 gold, have 96).
  3739 | D:5      | 3739 ||| SHOPLISTING ring of protection from fire (275
                  | gold, have 96).
  3859 | D:5      | Noticed Sigmund
  3870 | D:5      | Killed Sigmund
  3871 | D:5      | Reached skill level 6 in Fighting
  3871 | D:5      | Reached XP level 7. HP: 53/63 MP: 6/6
  3921 | D:5      | Noticed Edmund
  3941 | D:5      | HP: 3/63 [Edmund/+1 heavy flail (14)]
  3942 | D:5      | Slain by Edmund

Levels and vault maps discovered:
D:1:      grunt_arrival_crossed_arrows, layout_basic
D:2:      layout_basic, basic_altar, nicolae_ecumenical_pavilion
D:3:      minmay_octagon_keep, layout_loops_ring, mainiacjoe_overflow_two_lobes
D:4:      layout_cave_pools, st_stairs_9, serial_bayou_lagoon_a,
          grunt_decor_junction
D:5:      nicolae_BIG_FREAKIN_CUBE, layout_basic,
          minmay_temple_entry_butterflies, nicolae_shop_fire_sale
          [nicolae_sub_dead_trees], sigmund_edmund_badplayer
Temple:   nicolae_temple_ecumenical_triangle

Skill      XL: |  1  2  3  4  5  6 |
---------------+-------------------+-----
Ranged Weapons | 5 6 7 8 |  8.0
Fighting       | 3 4 6 |  6.2
Armour         | 1 |  1.5
Dodging        | |  2.1
Stealth        | |  0.7

Action                     |  1- 3 |  4- 6 |  7- 9 || total
---------------------------+-------+-------+-------++-------
   Fire: Shortbow          |   125 |   200 |    21 ||   346
    Use: Scroll            |     1 |     9 |       ||    10
         Potion            |     1 |     3 |       ||     4
 Armour: Leather armour    |    13 |       |       ||    13
         Ring mail         |    15 |    37 |       ||    52
  Dodge: Dodged            |    38 |    47 |     4 ||    89

Table legend:
 A = Non-vault XP
 B = Vault XP
 C = Vault XP percentage of total XP
 D = Non-vault monster count
 E = Vault monster count
 F = Vault count percentage of total count
                 A         B        C        D         E       F
            +---------+---------+-------+---------+---------+-------
      Total |     625 |     304 |  32.7 |      86 |      16 |  15.7
            +---------+---------+-------+---------+---------+-------
        D:1 |      57 |       0 |   0.0 |      28 |       0 |   0.0
        D:2 |      40 |       0 |   0.0 |      14 |       0 |   0.0
        D:3 |      39 |      26 |  40.0 |      16 |      12 |  42.9
        D:4 |     112 |      64 |  36.4 |      14 |       3 |  17.6
        D:5 |     377 |     214 |  36.2 |      14 |       1 |   6.7
            +---------+---------+-------+---------+---------+-------
